 Dungeon Crawl Stone Soup version 0.26.1-11-gd32895ea62 (webtiles) character file.

Game seed: 696725847194279578

49 Kukuleta the Gusty (level 3, -17/20 HPs)
             Began as a Tengu Air Elementalist on July 1, 2021.
             Demolished by an ogre
             ... wielding a +0 giant spiked club
              (28 damage)
             ... on level 2 of the Dungeon.
             The game lasted 00:04:47 (1650 turns).

Kukuleta the Gusty (Tengu Air Elementalist)         Turns: 1650, Time: 00:04:47

Health: -17/20     AC:  4    Str:  8    XL:     3   Next: 77%
Magic:  5/7        EV: 13    Int: 16    God:
Gold:   81         SH:  5    Dex: 14    Spells: 5/6 levels left

rFire    . . .     SeeInvis .   d - +0 whip
rCold    . . .     Faith    .   (no shield)
rNeg     . . .     Spirit   .   a - +0 robe
rPois    .         Reflect  +   b - +2 hat
rElec    .         Harm     .   (no cloak)
rCorr    .         Rampage  .   (no gloves)
Will     .....                  (boots unavailable)
Stlth    ++........             i - amulet of reflection
HPRegen  0.06/turn              (no ring)
MPRegen  0.10/turn              (no ring)

@: no status effects
A: beak, talons 3
a: no special abilities


You were on level 2 of the Dungeon.
You visited 1 branch of the dungeon, and saw 2 of its levels.

You collected 81 gold pieces.

Inventory:

Hand Weapons
 d - a +0 whip (weapon)
Armour
 a - a +0 robe (worn)
 b - a +2 hat (worn)
Jewellery
 i - an amulet of reflection (around neck)
 k - an uncursed amulet of magic regeneration {unknown}
Scrolls
 c - a scroll of remove curse {unknown}
 f - 3 scrolls of teleportation
 g - a scroll of amnesia {unknown}
 j - a scroll of immolation {unknown}
 l - a scroll of random uselessness {unknown}
 m - a scroll of fear {unknown}
Potions
 e - 2 potions of flight
 h - a potion of attraction {unknown}


   Skills:
 + Level 1.1 Fighting
 + Level 2.7 Dodging
 - Level 2.0 Stealth
 + Level 2.2 Spellcasting
 + Level 2.1 Conjurations
 * Level 4.8 Air Magic


You had 5 spell levels left.
You knew the following spells:

 Your Spells              Type           Power        Failure   Level
a - Shock                 Conj/Air       52%          4%          1

Your spell library contained the following spells:

 Spells                   Type           Power        Failure   Level
 Swiftness                Air            17%          4%          2
 Static Discharge         Conj/Air       13%          14%         3
 Airstrike                Air            8%           28%         4
 Lightning Bolt           Conj/Air       6%           80%         5


Dungeon Overview and Level Annotations

Branches:
Dungeon (2/15)

Altars:


Innate Abilities, Weirdness & Mutations

You have a beak for a mouth.
You have claws for feet.


Message History

Casting: Shock (safe; 4% risk of failure)
Confirm with . or Enter, or press ? or * to list all spells.
Aiming: Shock (safe; 4% risk of failure)
Press: ? - help, Shift-Dir - straight line, f - ogre
Aim: an ogre, wielding a +0 giant spiked club (15% to evade)
The zap hits the ogre.
The ogre is lightly wounded.
The ogre hits you with a +0 giant spiked club!
Casting: Shock (safe; 4% risk of failure)
Confirm with . or Enter, or press ? or * to list all spells.
Aiming: Shock (safe; 4% risk of failure)
Press: ? - help, Shift-Dir - straight line, f/p - ogre
Aim: an ogre, wielding a +0 giant spiked club (lightly wounded, 15% to evade)
The zap hits the ogre.
The ogre is moderately wounded.
You hit the ogre. You claw the ogre.
The ogre is moderately wounded.
The ogre hits you with a +0 giant spiked club!!
Ouch! That really hurt!
You die...

..####..##.....
........O......
####.####..######.
#..........#......
..##.##.####..#.####.
........b.b..........
.##.##.####.########
###.##.##.####.#######
#....O@...............
#.#.#####.##.#.##.####
.............#
#.#.#####.#..#.##.#
#................(..
#.................###
#...#.###.#..#.#..#
#.. #.###.#..#....#
#.. #...............


You could see an ogre.

Vanquished Creatures
  2 adders (D:2)
  A dart slug (D:1)
  A bat (D:2)
  A giant cockroach (D:1)
  5 goblins
  4 hobgoblins
  6 jackals
  3 kobolds
  A rat (D:1)
24 creatures vanquished.

Notes
Turn   | Place    | Note
-------+----------+-------------------------------------------
     0 | D:1      | Kukuleta the Tengu Air Elementalist began the quest for the
                  | Orb.
     0 | D:1      | Reached XP level 1. HP: 10/10 MP: 4/4
   264 | D:1      | Reached XP level 2. HP: 15/15 MP: 3/6
   635 | D:1      | You fall into a shaft and drop 1 floor!
   665 | D:2      | Reached skill level 1 in Fighting
   665 | D:2      | Reached XP level 3. HP: 9/20 MP: 0/7
  1374 | D:2      | Noticed an ogre
  1650 | D:2      | Demolished by an ogre

Illustrated notes

Levels and vault maps discovered:
D:1:      shiori_arrival_oz, layout_basic
D:2:      layout_basic

Skill      XL: |  1  2  3 |
---------------+----------+-----
Fighting       | 1 |  1.1
Conjurations   | 2 |  2.1
Dodging        | |  2.7
Stealth        | |  2.0
Spellcasting   | |  2.2
Air Magic      | |  4.8

Action                   || total
-------------------------++-------
Melee: Whip              ||    52
       Kick              ||    13
       Peck              ||     8
       Unarmed           ||     3
 Cast: Shock             ||    40
  Use: Scroll            ||     2
       Potion            ||     2
Armor: Robe              ||    14
Dodge: Dodged            ||    55
Block: Other             ||    12
       Reflection        ||     2
